 Dungeon Sprint DCSS version 0.20-a0-1109-ge3cd172 (webtiles) character file.

2985 potatolord5000 the Unseen (level 9, -10/53 HPs)
             Began as a Spriggan Assassin on May 5, 2017.
             Was the Champion of Dithmenos.
             Mangled by a dream sheep (24 damage)
             ... in the Dungeon (Sprint VII: "The Pits").
             The game lasted 00:09:03 (797 turns).

potatolord5000 the Unseen (Spriggan Assassin)        Turns: 797, Time: 00:09:04

Health: -10/53     AC:  3    Str: 10    XL:     9   Next: 53%
Magic:  14/14      EV: 33    Int: 13    God:    Dithmenos [******]
Gold:   0          SH:  0    Dex: 23    Spells: 8/8 levels left

rFire    . . .     SeeInvis +   d - +2 rapier (drain)
rCold    . . .     Gourm    .   (shield restricted)
rNeg     . . .     Faith    .   c - +0 robe
rPois    .         Spirit   .   (helmet restricted)
rElec    .         Reflect  .   p - +0 cloak
rCorr    .         Harm     .   (gloves unavailable)
MR       +....     NoTele   +   (boots unavailable)
Stlth    ++++++++++             (no amulet)
Regen    0.2/turn               j - +3 ring of dexterity
MPRegen  0.2/turn               b - +3 ring of strength

@: sleeping, wreathed by umbra, very quick
A: unfitting armour, see invisible, herbivore 3, speed 3, slow metabolism 2
a: Shadow Step, Shadow Form, Renounce Religion


You were in the Dungeon.
You worshipped Dithmenos.
Dithmenos was exalted by your worship.
You were very full.

You visited 1 branch

Inventory:

Hand Weapons
 d - a +2 rapier of draining (weapon)
Armour
 c - a +0 robe (worn)
 p - a +0 cloak (worn)
Jewellery
 b - a +3 ring of strength (right hand)
 j - a +3 ring of dexterity (left hand)
Scrolls
 e - 3 scrolls of remove curse
 f - 5 scrolls of amnesia
 m - a scroll of blinking
Potions
 h - 7 potions of curing
 i - 4 potions of heal wounds
 k - 4 potions of magic
 l - 3 potions of brilliance
Comestibles
 g - 7 bread rations
 o - 40 fruits


   Skills:
 + Level 9.3 Fighting
 + Level 11.8 Short Blades
 - Level 2.0 Throwing
 + Level 14.6 Dodging
 + Level 16.4 Stealth
 + Level 5.7 Invocations


You had 8 spell levels left.
You didn't know any spells.

Dungeon Overview and Level Annotations

Branches:
Dungeon (1/1)

Altars:
Ashenzari
Cheibriados
Dithmenos
Elyvilon
Fedhas
Gozag
Hepliaklqana
Kikubaaqudgha
Makhleb
Nemelex Xobeh
Okawaru
Qazlal
Ru
Sif Muna
Trog
Uskayaw
Vehumet
Wu Jian
Xom
Yredelemnul
Zin
The Shining One
Beogh
Jiyva
Lugonu


Innate Abilities, Weirdness & Mutations

You are very small and have problems with some larger weapons.
You are too small for most types of armour.
You have supernaturally acute eyesight. (SInv)
You are a herbivore.
You cover ground extremely quickly.
You need consume almost no food.


Message History

The small abomination completely misses you.
The dream sheep misses you. The dream sheep completely misses you.
You fail to use your ability.
The dream sheep completely misses you.
The small abomination barely misses you.
The dream sheep completely misses you. The dream sheep closely misses you.
You fail to use your ability.
The dream sheep completely misses you. The small abomination misses you.
The dream sheep completely misses you. The dream sheep bites you!
* * * LOW HITPOINT WARNING * * *
You fail to use your ability.
The dream sheep completely misses you. The small abomination misses you.
The dream sheep completely misses you. The dream sheep misses you.
You fail to use your ability.
The small abomination completely misses you.
You are overwhelmed by glittering dream dust!
You feel drowsy...
You fall asleep.
The dream sheep completely misses you.
The small abomination completely misses you.
The dream sheep bites you!!
You die...

...............+
...............+
.....#..#......#
...............#
##'#####''######
......##''########
......##......§§§+
......##......§§§+
..<...##.....##Y@#
......##...###YYYx#
......##..##.YYYlsS.
......##++#...#..#...#
####### ............+
####### +#...#..#...#
.#..[[# ##........##
)#!..[# # .... ##
)'..))#


You could see a komodo dragon, a redback, a small abomination, 6 dream sheep and
an adder.

Vanquished Creatures
  A merfolk javelineer (D)
  Harold (D)
  A demonic crawler (D)
  3 merfolk (D)
  A bog body (D)
  A ynoxinul (D)
  A sky beast (D)
  A phantom (D)
  A big kobold (D)
  A crimson imp (D)
  An iguana (D)
  Terence (D)
  A worker ant (D)
  A mummy (D)
  A river rat (D)
  An adder (D)
  An ooze (D)
  An ufetubus (D)
  5 orcs (D)
  2 giant cockroaches (D)
  2 jackals (D)
  2 ball pythons (D)
  A frilled lizard (D)
  A goblin (D)
  A kobold (D)
34 creatures vanquished.

Notes
Turn   | Place    | Note
-------+----------+-------------------------------------------
     0 | D        | potatolord5000 the Spriggan Assassin began the quest for the Orb.
     0 | D        | Reached XP level 1. HP: 10/10 MP: 2/2
    17 | D        | Reached skill level 6 in Stealth
    44 | D        | Found a bloodstained altar of Trog.
    44 | D        | Found a deep blue altar of Sif Muna.
    44 | D        | Found a viscous altar of Jiyva.
    44 | D        | Found a hazy altar of Hepliaklqana.
    44 | D        | Found an opulent altar of Gozag.
    45 | D        | Found a glowing golden altar of the Shining One.
    45 | D        | Found a glowing silver altar of Zin.
    45 | D        | Found a basalt altar of Yredelemnul.
    45 | D        | Found a shimmering altar of Xom.
    45 | D        | Found an ornate altar of the Wu Jian Council.
    45 | D        | Found a sacrificial altar of Ru.
    45 | D        | Found a stormy altar of Qazlal.
    45 | D        | Found an iron altar of Okawaru.
    45 | D        | Found a sparkling altar of Nemelex Xobeh.
    45 | D        | Found a burning altar of Makhleb.
    45 | D        | Found a blossoming altar of Fedhas.
    45 | D        | Found a white marble altar of Elyvilon.
    45 | D        | Found a shadowy altar of Dithmenos.
    45 | D        | Found a snail-covered altar of Cheibriados.
    47 | D        | Found a radiant altar of Vehumet.
    47 | D        | Found a corrupted altar of Lugonu.
    47 | D        | Found a roughly hewn altar of Beogh.
    48 | D        | Found a hide-covered altar of Uskayaw.
    48 | D        | Found an ancient bone altar of Kikubaaqudgha.
    48 | D        | Found a shattered altar of Ashenzari.
    55 | D        | Became a worshipper of Dithmenos the Shadowed
    85 | D        | Reached * piety under Dithmenos
   162 | D        | Noticed a worker ant
   164 | D        | Killed a worker ant
   164 | D        | Reached skill level 7 in Stealth
   164 | D        | Reached XP level 2. HP: 16/16 MP: 3/3
   172 | D        | Reached XP level 3. HP: 20/20 MP: 4/4
   185 | D        | Reached ** piety under Dithmenos
   195 | D        | Reached skill level 5 in Dodging
   361 | D        | Noticed a big kobold
   362 | D        | Reached skill level 8 in Stealth
   363 | D        | Noticed a phantom
   364 | D        | Reached *** piety under Dithmenos
   376 | D        | Killed a phantom
   376 | D        | Reached skill level 5 in Short Blades
   376 | D        | Reached skill level 9 in Stealth
   376 | D        | Reached XP level 4. HP: 26/26 MP: 0/5
   376 | D        | Reached XP level 5. HP: 30/30 MP: 0/6
   385 | D        | Reached **** piety under Dithmenos
   385 | D        | Reached skill level 5 in Fighting
   385 | D        | Reached skill level 10 in Stealth
   391 | D        | Reached skill level 11 in Stealth
   440 | D        | Noticed Terence
   442 | D        | Killed Terence
   442 | D        | Reached XP level 6. HP: 35/35 MP: 7/7
   444 | D        | Noticed a bog body
   453 | D        | Killed a bog body
   453 | D        | Reached ***** piety under Dithmenos
   453 | D        | Reached skill level 10 in Dodging
   453 | D        | Reached skill level 12 in Stealth
   455 | D        | Noticed a sky beast
   473 | D        | Killed a sky beast
   473 | D        | Reached XP level 7. HP: 35/41 MP: 8/8
   522 | D        | Noticed a merfolk javelineer
   522 | D        | Noticed a merfolk
   522 | D        | Noticed a merfolk
   522 | D        | Noticed a merfolk
   522 | D        | Noticed Harold
   534 | D        | Killed Harold
   534 | D        | Reached skill level 10 in Short Blades
   534 | D        | Reached skill level 14 in Stealth
   534 | D        | Reached XP level 8. HP: 28/47 MP: 4/9
   543 | D        | Killed a merfolk javelineer
   543 | D        | Reached skill level 15 in Stealth
   543 | D        | Reached XP level 9. HP: 46/52 MP: 5/12
   544 | D        | Killed a merfolk
   553 | D        | Killed a merfolk
   558 | D        | Killed a merfolk
   558 | D        | Reached skill level 16 in Stealth
   558 | D        | Reached skill level 5 in Invocations
   682 | D        | Noticed a demonic crawler
   711 | D        | Reached ****** piety under Dithmenos
   728 | D        | Killed a demonic crawler
   787 | D        | Noticed a komodo dragon
   797 | D        | Mangled by a dream sheep

Vault maps used:
D:        pitsprint

Skill      XL: |  1  2  3  4  5  6  7  8  9 |
---------------+----------------------------+-----
Dodging        | 4 7 9 11 12 13 14 | 14.6
Stealth        | 7 9 11 12 14 15 16 | 16.4
Fighting       | 2 3 4 5 6 7 8 9 |  9.3
Short Blades   | 3 4 5 7 8 10 11 | 11.8
Invocations    | 3 5 |  5.7
Throwing       | |  2.0

Action                   |  1- 3 |  4- 6 |  7- 9 || total
-------------------------+-------+-------+-------++-------
Melee: Dagger            |    44 |    39 |    29 ||   112
       Rapier            |       |       |    43 ||    43
Invok: Shadow Step       |     1 |       |     1 ||     2
  Use: Potion            |     4 |     2 |     6 ||    12
       Scroll            |       |       |     1 ||     1
 Stab: Sleeping          |     4 |     1 |       ||     5
       Invisible         |     1 |     2 |    11 ||    14
  Eat: Bread ration      |     1 |       |       ||     1
Armor: Robe              |     8 |     2 |     3 ||    13
Dodge: Dodged            |    51 |    27 |   219 ||   297
